 Dungeon Crawl Stone Soup version 0.23-b1-49-g13d5857 (webtiles) character file.

Game seed: 9480400888146651515

130 TheAlmogaver the Magician (level 5, -1/37 HPs)
             Began as a Gnoll Wizard on Feb 3, 2019.
             Killed from afar by an orc wizard (8 damage)
             ... with a puff of frost
             ... on level 2 of the Dungeon.
             The game lasted 00:12:47 (2797 turns).

TheAlmogaver the Magician (Gnoll Wizard)            Turns: 2797, Time: 00:12:49

Health: -1/37      AC:  3    Str:  9    XL:     5   Next: 14%
Magic:  7/14       EV: 20    Int: 21    God:
Gold:   169        SH:  0    Dex: 19    Spells: 10/18 levels left

rFire    . . .     SeeInvis .   i - +0 spear
rCold    . . .     Gourm    .   (no shield)
rNeg     . . .     Faith    .   a - +0 robe
rPois    .         Spirit   .   b - +0 hat
rElec    .         Reflect  .   o - +0 cloak
rCorr    .         Harm     .   (no gloves)
MR       .....                  (no boots)
Stlth    ++++......             (no amulet)
HPRegen  0.12/turn              (no ring)
MPRegen  0.14/turn              (no ring)

@: agile, lethally poisoned (-1 -> -18), flying
A: distributed training, fangs 1, strong nose
a: no special abilities


You were on level 2 of the Dungeon.
You were not hungry.

You visited 1 branch of the dungeon, and saw 3 of its levels.

You collected 169 gold pieces.

Inventory:

Hand Weapons
 i - a +0 spear (weapon)
Armour
 a - a +0 robe (worn)
 b - a +0 hat (worn)
 o - a +0 cloak (worn)
Jewellery
 k - an uncursed ring of protection from magic {unknown}
Scrolls
 c - 3 scrolls of immolation {unknown}
 f - a scroll of enchant armour {unknown}
 g - a scroll of amnesia {unknown}
 h - a scroll of teleportation {unknown}
 m - a scroll of enchant weapon {unknown}
 n - a scroll of magic mapping {unknown}
 q - a scroll of fog {unknown}
Potions
 j - a potion of ambrosia
Comestibles
 d - 4 rations
 p - 4 chunks of flesh


   Skills:
 + Level 1.3 Fighting
 + Level 1.3 Short Blades
 + Level 1.3 Long Blades
 + Level 1.3 Axes
 + Level 1.3 Maces & Flails
 + Level 1.3 Polearms
 + Level 1.3 Staves
 + Level 1.3 Slings
 + Level 1.3 Bows
 + Level 1.3 Crossbows
 + Level 1.3 Throwing
 + Level 1.3 Armour
 + Level 4.7 Dodging
 + Level 4.3 Stealth
 + Level 1.3 Shields
 + Level 1.3 Unarmed Combat
 + Level 7.2 Spellcasting
 + Level 2.3 Conjurations
 + Level 1.1 Hexes
 + Level 1.1 Charms
 + Level 2.3 Summonings
 + Level 1.1 Necromancy
 + Level 2.3 Translocations
 + Level 1.1 Transmutations
 + Level 1.1 Fire Magic
 + Level 1.1 Ice Magic
 + Level 1.1 Air Magic
 + Level 1.1 Earth Magic
 + Level 1.1 Poison Magic
 + Level 1.5 Invocations
 + Level 1.3 Evocations


You had 10 spell levels left.
You knew the following spells:

 Your Spells              Type           Power        Failure   Level  Hunger
a - Magic Dart            Conj           ###.         3%          1    None
b - Blink                 Tloc           N/A          4%          2    None
c - Call Imp              Summ           ###.....     4%          2    None
d - Conjure Flame         Conj/Fire      ##......     13%         3    None

Your spell library contained the following spells:

 Spells                   Type           Power        Failure   Level  Hunger
 Slow                     Hex            ##......     9%          2    None
 Mephitic Cloud           Conj/Pois/Air  ##......     14%         3    None


Dungeon Overview and Level Annotations

Branches:
Dungeon (3/15)

Altars:


Innate Abilities, Weirdness & Mutations

Your experience applies equally to all skills.
You have very sharp teeth.
Your uncanny sense of smell can sniff out nearby items.


Message History

Press: ? - help, Shift-Dir - straight line, f/p - orc wizard
Aim: an orc wizard, wielding a +2 dagger of venom and wearing a +0 robe (moderately wounded, fast)
The magic dart hits the orc wizard.
The orc wizard is heavily wounded.
You feel sick.
The orc wizard hits you with a +2 dagger of venom.
* * * LOW HITPOINT WARNING * * *
You are more poisoned.
Casting: Magic Dart (safe; 3% risk of failure)
Confirm with . or Enter, or press ? or * to list all spells.
Aiming: Magic Dart (safe; 3% risk of failure)
Press: ? - help, Shift-Dir - straight line, f/p - orc wizard
Aim: an orc wizard, wielding a +2 dagger of venom and wearing a +0 robe (heavily wounded, fast)
The magic dart hits the orc wizard.
The orc wizard is heavily wounded.
* * * LOW HITPOINT WARNING * * *
You feel sick. The orc wizard casts a spell at you. The puff of frost hits you!
You die...

# #.# #.# #.# # # #.#
#.# #.# # # #.###.# #.#
# ####.....# #.# #
...>.....###.##########
#
####...........5......#
# #.....###.########.#
# #.....##...#### #.# #
###.#.......o@# #.#
#.#.##...##.# #.#
#.#.###.###.# #.# #.#.#
#..##.# #.#
##.#.####.##.# #.#
#......##.##.# #.#
#####....#.##.##.# #.#
...5...(..#...##.# #.#
.####....#.##.##.# #.#


You could see an orc wizard.

Vanquished Creatures
  An ice beast (D:1)
  2 adders (D:2)
  An ooze (D:1)
  A dart slug (D:2)
  A leopard gecko (D:3)
  2 orcs (D:3)
  3 giant cockroaches
  10 goblins
  4 hobgoblins
  4 jackals
  A quokka (D:3)
  6 bats
  A frilled lizard (D:2)
  5 kobolds (D:2)
  3 rats
45 creatures vanquished.

Vanquished Creatures (collateral kills)
  3 worms
3 creatures vanquished.

Grand Total: 48 creatures vanquished

Notes
Turn   | Place    | Note
-------+----------+-------------------------------------------
     0 | D:1      | TheAlmogaver the Gnoll Wizard began the quest for the Orb.
     0 | D:1      | Reached XP level 1. HP: 13/13 MP: 8/8
   286 | D:1      | Reached XP level 2. HP: 19/19 MP: 6/10
  1126 | D:2      | Noticed an ice beast
  1139 | D:2      | Reached XP level 3. HP: 23/25 MP: 4/11
  1143 | D:2      | Learned a level 2 spell: Blink
  1146 | D:2      | Learned a level 2 spell: Call Imp
  1150 | D:2      | Learned a level 3 spell: Conjure Flame
  1665 | D:1      | Killed an ice beast
  1665 | D:1      | Reached skill level 1 in Fighting
  1665 | D:1      | Reached skill level 1 in Short Blades
  1665 | D:1      | Reached skill level 1 in Long Blades
  1665 | D:1      | Reached skill level 1 in Axes
  1665 | D:1      | Reached skill level 1 in Maces & Flails
  1665 | D:1      | Reached skill level 1 in Polearms
  1665 | D:1      | Reached skill level 1 in Staves
  1665 | D:1      | Reached skill level 1 in Slings
  1665 | D:1      | Reached skill level 1 in Bows
  1665 | D:1      | Reached skill level 1 in Crossbows
  1665 | D:1      | Reached skill level 1 in Throwing
  1665 | D:1      | Reached skill level 1 in Armour
  1665 | D:1      | Reached skill level 1 in Shields
  1665 | D:1      | Reached skill level 1 in Unarmed Combat
  1665 | D:1      | Reached skill level 1 in Invocations
  1665 | D:1      | Reached skill level 1 in Evocations
  1665 | D:1      | Reached XP level 4. HP: 13/32 MP: 3/13
  1957 | D:2      | Reached skill level 1 in Hexes
  1957 | D:2      | Reached skill level 1 in Charms
  1957 | D:2      | Reached skill level 1 in Necromancy
  1957 | D:2      | Reached skill level 1 in Transmutations
  1957 | D:2      | Reached skill level 1 in Fire Magic
  1957 | D:2      | Reached skill level 1 in Ice Magic
  1957 | D:2      | Reached skill level 1 in Air Magic
  1957 | D:2      | Reached skill level 1 in Earth Magic
  1957 | D:2      | Reached skill level 1 in Poison Magic
  2386 | D:2      | Reached XP level 5. HP: 37/37 MP: 9/14
  2797 | D:2      | Killed from afar by an orc wizard

Skill      XL: |  1  2  3  4 |
---------------+-------------+-----
Conjurations   | 2 |  2.3
Summonings     | 2 |  2.3
Translocations | 2 |  2.3
Fighting       | 1 |  1.3
Short Blades   | 1 |  1.3
Long Blades    | 1 |  1.3
Axes           | 1 |  1.3
Maces & Flails | 1 |  1.3
Polearms       | 1 |  1.3
Staves         | 1 |  1.3
Slings         | 1 |  1.3
Bows           | 1 |  1.3
Crossbows      | 1 |  1.3
Throwing       | 1 |  1.3
Armour         | 1 |  1.3
Shields        | 1 |  1.3
Unarmed Combat | 1 |  1.3
Invocations    | 1 |  1.5
Evocations     | 1 |  1.3
Hexes          | 1 |  1.1
Charms         | 1 |  1.1
Necromancy     | 1 |  1.1
Transmutations | 1 |  1.1
Fire Magic     | 1 |  1.1
Ice Magic      | 1 |  1.1
Air Magic      | 1 |  1.1
Earth Magic    | 1 |  1.1
Poison Magic   | 1 |  1.1
Dodging        | |  4.7
Stealth        | |  4.3
Spellcasting   | |  7.2

Action                   |  1- 3 |  4- 6 || total
-------------------------+-------+-------++-------
 Cast: Magic Dart        |    44 |    58 ||   102
       Call Imp          |    10 |    13 ||    23
       Blink             |     3 |     4 ||     7
       Conjure Flame     |     1 |       ||     1
  Use: Potion            |       |     4 ||     4
  Eat: Chunk             |     1 |     1 ||     2
       Ration            |       |     1 ||     1
Armor: Robe              |     5 |     3 ||     8
Dodge: Dodged            |    27 |     6 ||    33
